 Dungeon Crawl Stone Soup version 0.27-a0-836-gfc908b8576 (webtiles) character file.

Game seed: 15005427360019465806

101 n0claF the Covered (level 4, -13/42 HPs)
             Began as a Deep Dwarf Fighter on Apr 1, 2021.
             Mangled by an ogre
             ... wielding a +0 giant spiked club
              (28 damage)
             ... on level 3 of the Dungeon.
             The game lasted 00:06:03 (1532 turns).

n0claF the Covered (Deep Dwarf Fighter)             Turns: 1532, Time: 00:06:04

Health: -13/42     AC:  7    Str: 21    XL:     4   Next: 48%
Magic:  3/3        EV:  7    Int:  8    God:
Gold:   85         SH:  9    Dex: 12    Spells: 3/3 levels left

rFire    . . .     SeeInvis .   a - +0 war axe
rCold    . . .     Faith    .   c - +0 kite shield
rNeg     . . .     Spirit   .   b - +0 scale mail
rPois    .         Reflect  .   (no helmet)
rElec    .         Harm     .   (no cloak)
rCorr    .         Rampage  .   (no gloves)
Will     .....                  (no boots)
Stlth    ..........             (no amulet)
HPRegen  0.00/turn              (no ring)
MPRegen  0.08/turn              (no ring)

@: mighty, non-regenerating
A: damage resistance, heal wounds, sense surroundings 1, no regeneration
a: Heal Wounds


You were on level 3 of the Dungeon.
You visited 1 branch of the dungeon, and saw 3 of its levels.

You collected 85 gold pieces.

Inventory:

Hand Weapons
 a - a +0 war axe (weapon)
Armour
 b - a +0 scale mail (worn)
 c - a +0 kite shield (worn)
Jewellery
 p - a ring of poison resistance
   (You found it on level 2 of the Dungeon)
 r - a ring of willpower
   (You found it on level 2 of the Dungeon)
Scrolls
 f - 2 scrolls of vulnerability {unknown}
 g - a scroll of teleportation {unknown}
 h - a scroll of enchant weapon {unknown}
 i - 2 scrolls of immolation {unknown}
 n - a scroll of fog {unknown}
 o - a scroll of fear {unknown}
Potions
 d - a potion of might
 e - 2 potions of heal wounds {unknown}
 j - a potion of lignification {unknown}
 k - a potion of ambrosia {unknown}
 l - a potion of magic {unknown}
 m - 2 potions of attraction {unknown}
 q - a potion of haste {unknown}


   Skills:
 + Level 3.2 Fighting
 * Level 3.7 Axes
 + Level 3.9 Armour
 + Level 3.9 Shields


You had 3 spell levels left.
You didn't know any spells.
Your spell library was empty.

Dungeon Overview and Level Annotations

Branches:
Dungeon (3/15)

Altars:


Innate Abilities, Weirdness & Mutations

You are resistant to damage.
You can heal yourself by infusing magical energy.
You passively map a small area around you.
You do not regenerate.


Message History

There is a stone staircase leading down here.
You climb downwards.
A hobgoblin comes into view.
The hobgoblin shouts!
Found 13 arrows.
Found a stone staircase leading up and a stone staircase leading down.
There is a stone staircase leading up here.
You barely miss the hobgoblin.
An endoplasm comes into view.
The hobgoblin hits you but does no damage.
The endoplasm quivers.
You hit the hobgoblin.
The hobgoblin hits you but does no damage.
The hobgoblin barely misses you.
You hit the hobgoblin but do no damage. You block the hobgoblin's attack.
You hit the hobgoblin. The hobgoblin closely misses you.
A goblin comes into view. It is wielding a +0 dagger.
The hobgoblin hits you.
You barely miss the hobgoblin.
The goblin shouts!
You hit the endoplasm but do no damage.
The endoplasm hits you but does no damage.
You block the hobgoblin's attack.
You hit the hobgoblin but do no damage. You barely miss the endoplasm.
You hit the goblin.
You kill the goblin!
The hobgoblin closely misses you. The endoplasm closely misses you.
You block the endoplasm's attack. The hobgoblin hits you.
You closely miss the hobgoblin. You slash the endoplasm!
You kill the endoplasm!
The hobgoblin hits you but does no damage.
You barely miss the hobgoblin. The hobgoblin barely misses you.
You block the hobgoblin's attack.
You slash the hobgoblin!
You kill the hobgoblin!
No target in view!
You see here a +0 dagger.
An ogre comes into view. It is wielding a +0 giant spiked club.
The ogre shouts!
You hit the ogre. You block the ogre's attack.
You slash the ogre!
The ogre hits you with a +0 giant spiked club!!
* * * LOW HITPOINT WARNING * * *
The ogre hits you with a +0 giant spiked club!
* * * LOW HITPOINT WARNING * * *
You feel very mighty all of a sudden.
You slash the ogre!
The ogre hits you with a +0 giant spiked club!!
Ouch! That really hurt!
You die...

.... ,
*,..##........# ....
,,,.##...(.....#* ,
..... #.##..........
.....,
##..##........# *
...... #..##..)....#
,
##....##.##..#.....##
,
#..O.....##.#.......#
,
..##.##..#..#<...<..#
* * ##.O@##.>.....# *
, , , #.#####.....##
, , #.# ##...## * , ,
* ... ##### * ####.**
* **.. , ** , , ## ,
, , , , ,,, ,


You could see an ogre.

Vanquished Creatures
  Terence (D:2)
  2 adders (D:2)
  A worm (D:2)
  A dart slug (D:1)
  4 bats
  6 endoplasms
  2 giant cockroaches
  6 goblins
  7 hobgoblins
  4 jackals (D:2)
  4 kobolds
  A quokka (D:1)
  3 ball pythons
  3 frilled lizards
  6 rats
51 creatures vanquished.

Notes
Turn   | Place    | Note
-------+----------+-------------------------------------------
     0 | D:1      | n0claF the Deep Dwarf Fighter began the quest for the Orb.
     0 | D:1      | Reached XP level 1. HP: 20/20 MP: 1/1
   104 | D:1      | Reached XP level 2. HP: 27/27 MP: 2/2
   733 | D:1      | Reached XP level 3. HP: 33/33 MP: 3/3
   807 | D:2      | Noticed Terence
   820 | D:2      | Killed Terence
   962 | D:2      | Reached XP level 4. HP: 18/42 MP: 4/4
  1520 | D:3      | Noticed an ogre
  1532 | D:3      | Mangled by an ogre

Illustrated notes

Levels and vault maps discovered:
D:1:      amcnicky_arrival_gap_in_the_tavern_cellar, layout_loops_ring,
          minmay_split_cup_small
D:2:      minmay_evil_eye, layout_rooms, serial_rivers,
          chequers_serial_rivers_micro_a, chequers_serial_rivers_room_b,
          chequers_serial_rivers_room_b, chequers_serial_rivers_micro_c,
          uniq_terence
D:3:      layout_rooms, minitemple, uniq_sigmund

Skill      XL: |  1  2  3 |
---------------+----------+-----
Axes           | 3 |  3.7
Fighting       | 3 |  3.2
Armour         | |  3.9
Shields        | |  3.9

Action                   |  1- 3 |  4- 6 || total
-------------------------+-------+-------++-------
Melee: War axe           |   110 |    65 ||   175
 Abil: Heal Wounds       |     1 |     1 ||     2
  Use: Potion            |       |     1 ||     1
Armor: Scale mail        |    50 |    36 ||    86
Dodge: Dodged            |    32 |    21 ||    53
Block: Kite shield       |    59 |    39 ||    98

Table legend: (Time is in decaauts)
 A = Elapsed time spent in this place.
 B = Non-inter-level travel time spent in this place.
 C = Inter-level travel time spent in this place.
 D = Time resting spent in this place.
 E = Time spent auto-exploring this place.
 F = Levels seen in this place.
 G = Mean time per level.
                   A        B        C        D        E       F      G
               +--------+--------+--------+--------+--------+-----+--------+
         Total |   1630 |   1596 |     34 |    100 |   1010 |   3 |  543.3 |
       Dungeon |   1630 |   1596 |     34 |    100 |   1010 |   3 |  543.3 |
               +--------+--------+--------+--------+--------+-----+--------+

Top non-repeatable levels by time:
     D:1: 810 daAuts
     D:2: 776 daAuts
     D:3: 43 daAuts
